 Dungeon Crawl Stone Soup version 0.24.0-13-gcf9b319 (webtiles) character file.

Game seed: 72487553083316903, levelgen mode: deterministic

333 Bronimir the Chiller (level 6, -1/32 HPs)
             Began as a Gargoyle Ice Elementalist on Mar 29, 2020.
             Was an Initiate of Okawaru.
             Slain by a hornet zombie (2 damage)
             ... on level 4 of the Dungeon.
             The game lasted 00:10:34 (5124 turns).

Bronimir the Chiller (Gargoyle Ice Elementalist)    Turns: 5124, Time: 00:10:35

Health: -1/32      AC: 16    Str: 14    XL:     6   Next: 52%
Magic:  1/11       EV: 11    Int: 15    God:    Okawaru [......]
Gold:   260        SH:  0    Dex: 10    Spells: 5/11 levels left

rFire    + . .     SeeInvis .   a - +0 whip
rCold    . . .     Gourm    .   (no shield)
rNeg     + . .     Faith    .   r - +1 leather armour {rF+}
rPois    ∞         Spirit   .   (no helmet)
rElec    +         Reflect  .   w - +0 cloak
rCorr    .         Harm     .   (no gloves)
MR       .....                  q - +0 pair of boots
Stlth    ++........             (no amulet)
HPRegen  0.10/turn              (no ring)
MPRegen  0.12/turn              (no ring)

@: icy armour, very slightly contaminated
A: negative energy resistance 1, electricity resistance, unbreathing,
petrification resistance, rot immunity, AC +4
a: Renounce Religion


You were on level 4 of the Dungeon.
You worshipped Okawaru.
Okawaru was noncommittal.
You were hungry.

You visited 1 branch of the dungeon, and saw 4 of its levels.

You collected 260 gold pieces.

Inventory:

Hand Weapons
 a - a +0 whip (weapon)
 b - a +0 dagger
 k - a +0 trident
 o - a +1 vampiric rapier
 s - a +0 club
Missiles
 e - 14 poisoned darts (quivered)
 g - 155 stones
 h - 17 arrows
 u - 8 bolts
Armour
 f - a +0 shield
 q - a +0 pair of boots (worn)
 r - a +1 leather armour of fire resistance (worn)
 w - a +0 cloak (worn)
Wands
 m - a wand of flame (17)
 y - a wand of polymorph (5)
Scrolls
 d - 3 scrolls of identify {unknown}
 i - a scroll of teleportation {unknown}
 j - 3 scrolls of enchant armour {unknown}
 p - 2 scrolls of remove curse {unknown}
 t - a scroll of blinking {unknown}
Potions
 l - a potion of flight {unknown}
 n - a potion of resistance {unknown}
 v - a potion of curing {unknown}
 x - a potion of lignification {unknown}
Comestibles
 c - 6 rations
 z - 3 chunks of flesh


   Skills:
 + Level 0.1 Fighting
 + Level 0.9 Maces & Flails
 + Level 0.2 Throwing
 + Level 1.6 Armour
 + Level 1.7 Dodging
 - Level 2.2 Stealth
 + Level 3.3 Spellcasting
 * Level 2.4 Conjurations
 * Level 5.1 Ice Magic
 * Level 1.3 Invocations


You had 5 spell levels left.
You knew the following spells:

 Your Spells              Type           Power        Failure   Level  Hunger
a - Freeze                Ice            ###.         2%          1    None
b - Throw Frost           Conj/Ice       ##....       8%          2    ##.....
c - Ozocubu's Armour      Chrm/Ice       ##......     24%         3    ###....

Your spell library contained the following spells:

 Spells                   Type           Power        Failure   Level  Hunger
 Beastly Appendage        Tmut           #.....       24%         1    None
 Sticks to Snakes         Tmut           #.......     34%         2    ##.....
 Throw Icicle             Conj/Ice       ##......     45%         4    ####...
 Spider Form              Tmut/Pois      #.........   56%         3    ###....
 Ice Form                 Ice/Tmut       ##......     63%         4    ####...
 Summon Ice Beast         Ice/Summ       ##......     63%         4    ####...
 Blade Hands              Tmut           #.........   100%        5    ######.


Dungeon Overview and Level Annotations

Branches:
Dungeon (4/15)
 Temple: D:4-7

Altars:
Elyvilon
Hepliaklqana
Okawaru
Ru


Innate Abilities, Weirdness & Mutations

You are resistant to torment.
Your stone body is resilient. (AC +4)
You are immune to poison.
You resist negative energy. (rN+)
You are resistant to electric shocks. (rElec)
You can survive without breathing.
You are immune to petrification.
You are immune to rotting.


Message History

The hornet zombie misses you.
The hornet zombie hits you but does no damage.
Casting: Freeze (safe; 2% risk of failure)
Confirm with . or Enter, or press ? or * to list all spells.
Aiming: Freeze (safe; 2% risk of failure)
Press: ? - help, Shift-Dir - straight line, f/p - hornet zombie
Aim: a hornet zombie (severely damaged)
The hornet zombie resists.
You freeze the hornet zombie.
The hornet zombie is severely damaged.
The hornet zombie hits you.
* * * LOW HITPOINT WARNING * * *
You hit the hornet zombie.
The hornet zombie is almost destroyed.
The hornet zombie barely misses you.
You hit the hornet zombie but do no damage.
The hornet zombie is almost destroyed.
The hornet zombie hits you.
* * * LOW HITPOINT WARNING * * *
The hornet zombie hits you.
You die...

..........###........#
.#.........##........#
#.........''....###.#
#.........#.....###.#
#.........#.........#
#.........#.[...#####
#.........#.....#
######....#.....#####.#
#....#....@.......
#....##...Z#####<#
#....##.....
#######.....# #.....#
....... ########


You could see a hornet zombie.

Vanquished Creatures
  A howler monkey (D:4)
  A hound (D:4)
  A centaur skeleton (D:4)
  An orc wizard (D:3)
  An iguana (D:4)
  3 worker ants (D:4)
  A hound skeleton (D:4)
  3 adders
  2 adder skeletons (D:4)
  2 worms
  3 dart slugs
  2 leopard geckos
  3 orcs (D:3)
  A ball python (D:3)
  3 bats
  3 giant cockroaches
  5 hobgoblins
  2 jackals (D:1)
  3 quokkas
  6 frilled lizards
  5 goblins
  6 kobolds
  A leopard gecko skeleton (D:4)
  A quokka skeleton (D:4)
  4 rats
64 creatures vanquished.

Vanquished Creatures (others)
  4 toadstools (D:2)
4 creatures vanquished.

Grand Total: 68 creatures vanquished

Notes
Turn   | Place    | Note
-------+----------+-------------------------------------------
     0 | D:1      | Bronimir the Gargoyle Ice Elementalist began the quest for
                  | the Orb.
     0 | D:1      | Reached XP level 1. HP: 10/10 MP: 3/3
   261 | D:1      | Reached XP level 2. HP: 11/15 MP: 0/5
  1146 | D:2      | Learned a level 2 spell: Throw Frost
  1257 | D:2      | Found an iron altar of Okawaru.
  1257 | D:2      | Found a white marble altar of Elyvilon.
  1321 | D:2      | Became a worshipper of Warmaster Okawaru
  2226 | D:2      | Reached skill level 1 in Armour
  2226 | D:2      | Reached XP level 3. HP: 19/19 MP: 6/6
  2501 | D:2      | Learned a level 3 spell: Ozocubu's Armour
  3048 | D:3      | Found a hazy altar of Hepliaklqana.
  3205 | D:3      | Found a sacrificial altar of Ru.
  3443 | D:3      | Reached XP level 4. HP: 24/24 MP: 7/7
  3588 | D:3      | Reached skill level 4 in Ice Magic
  4186 | D:4      | Reached XP level 5. HP: 19/28 MP: 2/8
  4638 | D:4      | Reached skill level 1 in Invocations
  4638 | D:4      | Reached XP level 6. HP: 32/32 MP: 2/10
  4696 | D:4      | Reached skill level 5 in Ice Magic
  5124 | D:4      | HP: 1/32 [hornet zombie (5)]
  5124 | D:4      | Slain by a hornet zombie

Levels and vault maps discovered:
D:1:      psy_arrival_heroes, layout_loops_ring
D:2:      layout_basic, gammafunk_temple_overflow_pools, minmay_splitting_lines,
          kennysheep_crisscross, minmay_gold_behind_fungi, minmay_quantized
D:3:      layout_loops_cross, nicolae_overflow_crystal_walls,
          old_standard_altar, first_ration
D:4:      layout_basic

Skill      XL: |  1  2  3  4  5  6 |
---------------+-------------------+-----
Armour         | 1 |  1.6
Ice Magic      | 4 5 |  5.1
Conjurations   | 2 |  2.4
Spellcasting   | 3 |  3.3
Invocations    | 1 |  1.3
Fighting       | |  0.1
Maces & Flails | |  0.9
Throwing       | |  0.2
Dodging        | |  1.7
Stealth        | |  2.2

Action                   |  1- 3 |  4- 6 || total
-------------------------+-------+-------++-------
Melee: Club              |    44 |       ||    44
       Dagger            |     1 |       ||     1
       Unarmed           |     1 |       ||     1
       Whip              |       |   101 ||   101
Throw: Dart              |    11 |    17 ||    28
 Cast: Freeze            |    67 |    59 ||   126
       Throw Frost       |     1 |     2 ||     3
       Ozocubu's Armour  |       |     4 ||     4
 Stab: Sleeping          |       |     2 ||     2
  Eat: Ration            |     1 |     1 ||     2
       Chunk             |     5 |     3 ||     8
Armor: Robe              |    16 |       ||    16
       Leather armour    |    21 |    77 ||    98
Dodge: Dodged            |    58 |   101 ||   159
